 Dungeon Crawl Stone Soup version 0.28.0 (webtiles) character file.

Game seed: 13499245614619588070

8480 BorgnjorsVileCrotch the Cleaver (level 11, -6/97 HPs)
             Began as a Deep Dwarf Fighter on Feb 8, 2022.
             Was a Follower of Okawaru.
             Mangled by a spriggan (11 damage)
             ... in a bailey.
             The game lasted 00:11:22 (1966 turns).

BorgnjorsVileCrotch the Cleaver (DDFi)              Turns: 1966, Time: 00:11:23

Health: -6/97      AC:  8    Str: 24    XL:     11   Next: 10%
Magic:  4/5        EV:  6    Int:  9    God:    Okawaru [*.....]
Gold:   161        SH:  6    Dex: 15    Spells: 17/17 levels left

rFire   . . .      SeeInvis .   a - +1 war axe
rCold   . . .      Faith    .   c - +0 buckler
rNeg    . . .      Spirit   .   m - +0 plate armour
rPois   .          Reflect  .   n - +0 helmet
rElec   .          Harm     .   h - +0 cloak
rCorr   .          Rampage  +   l - +0 pair of fencer's gloves {Riposte Dex+3}
Will    +....                   s - +2 pair of boots {rampage}
Stlth   ..........              e - amulet of the acrobat
HPRegen 0.00/turn               (no ring)
MPRegen 0.09/turn               (no ring)

@: lethally poisoned (-6 -> -24), corroded
A: damage resistance, heal wounds, sense surroundings 2, no regeneration
a: Heal Wounds, Renounce Religion, Heroism


You were in a bailey.
You worshipped Okawaru.
Okawaru was aware of your devotion.
You visited 2 branches of the dungeon, and saw 9 of its levels.
You also visited: Bailey.

You collected 161 gold pieces.

Inventory:

Hand Weapons
 a - a +1 war axe (weapon)
 i - the +5 mace "Qocw" {vorpal, rCorr Stlth+}
   (You found it on level 2 of the Dungeon)

   It inflicts extra damage upon your enemies.
   rCorr:     It protects you from acid and corrosion.
   Stlth:     It makes you more stealthy.
Armour
 b - a +0 scale mail
 c - a +0 buckler (worn)
 h - a +0 cloak (worn)
   (You took it off Crazy Yiuf on level 2 of the Dungeon)
 j - a +0 chain mail
   (You found it on level 2 of the Dungeon)
 l - the +0 pair of fencer's gloves (worn) {Riposte Dex+3}
   (You found it on level 8 of the Dungeon)

   It allows the wearer to riposte with melee weapons, swiftly retaliating
   against missed attacks.
   Dex:       It affects your dexterity (+3).
 m - a +0 plate armour (worn)
   (You took it off an orc warrior on level 8 of the Dungeon)
 n - a +0 helmet (worn)
   (You found it on level 7 of the Dungeon)
 s - a +2 pair of boots of rampaging (worn)
   (You found it on level 8 of the Dungeon)
Jewellery
 e - an amulet of the acrobat (around neck)
   (You found it on level 4 of the Dungeon)
 r - a ring of protection from cold
   (You found it on level 8 of the Dungeon)
Wands
 k - a wand of flame (36) {@v4}
   (You found it on level 2 of the Dungeon)
 o - a wand of mindburst (10)
   (You found it on level 8 of the Dungeon)
 p - a wand of digging (6) {@v3}
   (You found it on level 8 of the Dungeon)
Scrolls
 q - 2 scrolls of enchant weapon
Potions
 f - a potion of heal wounds {@q2 !q}
 g - 2 potions of curing {@q1 !q}
 t - a potion of mutation {unknown}
Miscellaneous
 d - a lightning rod (inert)
   (You found it on level 8 of the Dungeon)


   Skills:
 + Level 6.0 Fighting
 + Level 14.1 Axes
 + Level 7.2 Armour
 + Level 7.2 Shields
 - Level 3.5 Spellcasting
 * Level 3.3 Invocations


You had 17 spell levels left.
You didn't know any spells.
Your spell library was empty.

Dungeon Overview and Level Annotations

Branches:
Dungeon (8/15)             Temple (1/1) D:7          Bailey (1/1)
   Lair: D:8-11

Altars:
Ashenzari
Cheibriados
Dithmenos
Elyvilon
Gozag
Hepliaklqana
Kikubaaqudgha
Nemelex Xobeh
Okawaru
Qazlal
Ru
Trog
Vehumet
Wu Jian
Yredelemnul
Zin
The Shining One

Shops:
D:2 [(


Innate Abilities, Weirdness & Mutations

You are resistant to damage.
You can heal yourself by infusing magical energy.
You passively map the area around you.
You do not regenerate.


Message History

The ogre hits you from afar with a +0 halberd.
The spriggan closely misses you.
Your Fighting skill increases to level 6!
Aiming: Thunderbolt
Press: ? - help, Shift-Dir - straight line, f - ogre
Aim: an ogre, wielding a +0 halberd The thunderbolt hits the ogre!
The ogre is moderately wounded.
The lightning rod overheats!
The spriggan closely misses you. You block the ogre's attack.
The spriggan hits you from afar with a +0 spear.
You see here a +0 spear.
You see here a +0 spear.
The spriggan completely misses you.
Things that are here:
a +0 halberd; an ogre corpse You feel much better.
The spriggan hits you from afar with a +0 spear!
Aiming: Mindburst
Press: ? - help, Shift-Dir - straight line, f/p - ogre
Aim: an ogre, wielding a +0 halberd (moderately wounded, chance to affect: 64%)
The ogre struggles to resist.
The ogre hits you from afar with a +0 halberd.
You block the spriggan's attack.
You gain the combat prowess of a mighty hero.
The spriggan hits you but does no damage.
You rampage towards the spriggan!
You miss the spriggan. You slash the ogre! You block the ogre's attack.
You slash the spriggan!
The spriggan is moderately wounded.
You barely miss the ogre. The spriggan hits you with a +0 spear!
The ogre hits you with a +0 halberd.
You hit the spriggan.
The spriggan is heavily wounded.
You hit the ogre but do no damage. The spriggan closely misses you.
You miss the spriggan.
The spriggan is heavily wounded.
You slash the ogre!
You kill the ogre!
Okawaru accepts your kill.
The spriggan hits you with a +4 rapier of venom!
You are poisoned.
The spriggan hits you with a +0 spear!
* * * LOW HITPOINT WARNING * * *
Your Invocations skill increases to level 3!
You feel much better. You block the spriggan's attack.
The spriggan hits you with a +0 spear.
You closely miss the spriggan. You hit the spriggan.
The spriggan barely misses you. You block the spriggan's attack.
You hit the spriggan but do no damage. x2
The spriggan hits you but does no damage.
The spriggan hits you with a +4 rapier of venom!
You hit the spriggan but do no damage. You barely miss the spriggan.
The spriggan hits you with a +0 spear!
The spriggan hits you but does no damage.
You hit the spriggan but do no damage. You slash the spriggan!
You kill the spriggan!
Okawaru accepts your kill. You block the spriggan's attack.
You feel much better.
The spriggan hits you but does no damage.
You are more poisoned.
You miss the spriggan.
The spriggan hits you with a +4 rapier of venom!
You are more poisoned.
You slash the spriggan!
The spriggan is heavily wounded.
You feel very sick. You block the spriggan's attack.
You hit the spriggan but do no damage.
The spriggan is heavily wounded.
The spriggan hits you with a +4 rapier of venom.
You are more poisoned.
You miss the spriggan.
The spriggan is heavily wounded.
You feel very sick. You block the spriggan's attack.
You slash the spriggan!
The spriggan is almost dead.
You feel very sick. You block the spriggan's attack.
You hit the spriggan.
The spriggan is almost dead.
You feel like a meek peon again.
The spriggan hits you with a +4 rapier of venom!
* * * LOW HITPOINT WARNING * * *
You are more poisoned.
You feel much better.
You feel extremely sick.
The spriggan hits you with a +4 rapier of venom!
* * * LOW HITPOINT WARNING * * *
You are more poisoned.
The spriggan hits you with a +4 rapier of venom!!
* * * LOW HITPOINT WARNING * * *
You miss the spriggan.
The spriggan is almost dead.
* * * LOW HITPOINT WARNING * * *
You feel extremely sick.
The spriggan hits you with a +4 rapier of venom!
You die...

#########
##.......##
##.........##
##....i)≈....#*
##i)##♣♣≈####..*
##.@♣♣ ... #))##
♣♣♣.. #).# * ,
..#, #).# * ≈
,.# * #..# * ,#
* #..# , ,,
#..#,,* , ,
#..##,, *≈* ,* ,
* ##..## ,,,,
*♣..


You could see a spriggan (fast).

Vanquished Creatures
  5 two-headed ogres
  A deep elf pyromancer (D:8)
  2 manticores (D:8)
  A gargoyle (D:5)
  An unseen horror (D:8)
  A troll (D:8)
  A hornet (D:8)
  5 spriggans (Bailey)
  4 yaks (D:8)
  An acid dragon (Bailey)
  An ice beast (D:8)
  A black bear (D:7)
  2 orc warriors (D:8)
  A sky beast (D:7)
  9 ogres
  A centaur (D:7)
  A bullfrog (D:7)
  A water moccasin zombie (D:6)
  5 wights (D:4)
  A hound (D:2)
  A centaur skeleton (D:5)
  A jelly (D:7)
  Crazy Yiuf (D:2)
  A gnoll shaman (D:8)
  Terence (D:2)
  2 iguanas
  4 orc wizards
  4 gnolls (D:5)
  6 adders
  An ufetubus (D:5)
  6 orcs
  6 bats
  4 endoplasms
  3 giant cockroaches
  5 goblins
  A hobgoblin (D:1)
  2 jackals (D:5)
  4 ball pythons
  A frilled lizard (D:1)
  2 kobolds
  5 rats
106 creatures vanquished.

Notes
Turn   | Place    | Note
-------+----------+-------------------------------------------
     0 | D:1      | BorgnjorsVileCrotch the Deep Dwarf Fighter began the quest
                  | for the Orb.
     0 | D:1      | Reached XP level 1. HP: 20/20 MP: 1/1
    70 | D:1      | Reached XP level 2. HP: 24/27 MP: 2/2
    95 | D:2      | Found Padasch's Antique Armour Shoppe.
   120 | D:2      | Noticed Terence
   136 | D:2      | Killed Terence
   137 | D:2      | Reached skill level 3 in Fighting
   137 | D:2      | Reached XP level 3. HP: 26/34 MP: 3/3
   201 | D:2      | Found a runed translucent door.
   202 | D:2      | Noticed Crazy Yiuf
   212 | D:2      | Killed Crazy Yiuf
   213 | D:2      | Reached skill level 3 in Axes
   213 | D:2      | Reached XP level 4. HP: 41/42 MP: 0/4
   219 | D:2      | Identified the +5 mace "Qocw" {vorpal, rCorr Stlth+}
   240 | D:2      | Reached skill level 4 in Armour
   240 | D:2      | Reached skill level 4 in Shields
   295 | D:2      | Found Nynwiadd's Antique Weapon Boutique.
   485 | D:3      | Reached XP level 5. HP: 46/49 MP: 5/5
   510 | D:4      | Your magical essence is drained by the effort!
   533 | D:4      | Reached skill level 4 in Axes
   533 | D:4      | Reached XP level 6. HP: 23/48 MP: 5/5
   533 | D:4      | Your magical essence is drained by the effort!
   538 | D:4      | Reached skill level 4 in Fighting
   639 | D:5      | Entered Level 5 of the Dungeon
   704 | D:5      | Your magical essence is drained by the effort!
   709 | D:5      | Reached skill level 5 in Armour
   715 | D:5      | Reached skill level 5 in Shields
   726 | D:5      | Found a broken altar of Ashenzari.
   727 | D:5      | Noticed a gargoyle
   729 | D:5      | Your magical essence is drained by the effort!
   746 | D:5      | Killed a gargoyle
   747 | D:5      | Reached XP level 7. HP: 48/66 MP: 3/3
   766 | D:5      | Reached skill level 5 in Axes
   831 | D:5      | Your magical essence is drained by the effort!
   868 | D:6      | Reached skill level 6 in Armour
   868 | D:6      | Reached skill level 6 in Shields
   926 | D:6      | Reached skill level 5 in Fighting
   926 | D:6      | Reached XP level 8. HP: 52/74 MP: 3/3
   982 | D:6      | You fall into a shaft and drop 2 floors!
  1012 | D:8      | Reached skill level 6 in Axes
  1158 | D:8      | Reached skill level 1 in Spellcasting
  1160 | D:8      | Reached skill level 7 in Axes
  1189 | D:8      | Noticed a two-headed ogre
  1189 | D:8      | Noticed a manticore
  1189 | D:8      | Noticed a manticore
  1189 | D:8      | Noticed a troll
  1190 | D:8      | Noticed a two-headed ogre
  1190 | D:8      | Noticed a two-headed ogre
  1190 | D:8      | Noticed a deep elf pyromancer
  1191 | D:8      | Noticed a two-headed ogre
  1192 | D:8      | Found the +0 pair of fencer's gloves {Riposte Dex+3}
  1207 | D:8      | Killed a manticore
  1208 | D:8      | Reached skill level 8 in Axes
  1208 | D:8      | Reached skill level 2 in Spellcasting
  1208 | D:8      | Gained mutation: You passively map the area around you.
                  | [Deep Dwarf growth]
  1208 | D:8      | Reached XP level 9. HP: 41/82 MP: 4/7
  1218 | D:8      | Killed a manticore
  1219 | D:8      | Reached skill level 9 in Axes
  1219 | D:8      | Killed a deep elf pyromancer
  1220 | D:8      | Reached skill level 10 in Axes
  1224 | D:8      | Killed a troll
  1227 | D:8      | Your magical essence is drained by the effort!
  1231 | D:8      | Killed a two-headed ogre
  1232 | D:8      | Reached skill level 11 in Axes
  1244 | D:8      | Killed a two-headed ogre
  1245 | D:8      | Reached skill level 12 in Axes
  1245 | D:8      | Reached XP level 10. HP: 61/91 MP: 7/7
  1255 | D:8      | Your magical essence is drained by the effort!
  1265 | D:8      | Killed a two-headed ogre
  1266 | D:8      | Reached skill level 13 in Axes
  1271 | D:8      | Killed a two-headed ogre
  1409 | D:8      | Paralysed by a hornet for 1 turns
  1453 | D:7      | Noticed a two-headed ogre
  1458 | D:7      | Your magical essence is drained by the effort!
  1466 | D:7      | Your magical essence is drained by the effort!
  1474 | D:7      | Killed a two-headed ogre
  1475 | D:7      | Reached skill level 3 in Spellcasting
  1476 | D:7      | Your magical essence is drained by the effort!
  1500 | D:7      | Reached skill level 14 in Axes
  1545 | D:7      | Found a staircase to the Ecumenical Temple.
  1571 | Temple   | Entered the Ecumenical Temple
  1733 | Temple   | Became a worshipper of Warmaster Okawaru
  1792 | D:7      | Reached skill level 7 in Armour
  1848 | D:7      | Found a flagged portal.
  1864 | Bailey   | Entered a bailey
  1877 | Bailey   | Reached skill level 7 in Shields
  1877 | Bailey   | Reached skill level 1 in Invocations
  1905 | Bailey   | Reached skill level 2 in Invocations
  1921 | Bailey   | Reached XP level 11. HP: 55/97 MP: 6/6
  1924 | Bailey   | Reached * piety under Okawaru
  1933 | Bailey   | Your magical essence is drained by the effort!
  1940 | Bailey   | Reached skill level 6 in Fighting
  1953 | Bailey   | Reached skill level 3 in Invocations
  1966 | Bailey   | Mangled by a spriggan

Illustrated notes

Levels and vault maps discovered:
D:1:      psy_arrival_basics, layout_loops_cross, serial_shops,
          nicolae_shop_window_shopping, grunt_decor_cap, minmay_pentomino_p4
D:2:      layout_loops_ring, serial_shops, shop, shop_fountains, basic_altar,
          uniq_terence, uniq_crazy_yiuf_cottage
D:3:      layout_basic, shapermc_ecumenical_altar_flowoftime
D:4:      layout_basic, kb_xom_exploding_sheep, uniq_blork_the_orc
D:5:      layout_basic, hangedman_feature_mirror
D:6:      layout_basic, lemuel_blue_sif_altar, gup_ossuary_entry_pyramid,
          minmay_small_thing
D:7:      corexii_shack_village, layout_cave_pods, minmay_temple_entry_junction,
          enter_bailey_5
D:8:      minmay_the_grid_triangle_9x9_rhombus_thin
          [minmay_the_grid_triangle_9x9_odd_lines,
          minmay_the_grid_triangle_9x9_prize_insulated,
          minmay_the_grid_triangle_9x9_sprig,
          minmay_the_grid_triangle_9x9_minimal], layout_basic,
          chequers_serial_rivers_small_3, supply_closet_lemuel, uniq_erica
Temple:   mainiacjoe_temple_cubbyholes
Bailey:   bailey_polearm_enchanted_keep_hellmonk, bailey

Skill      XL: |  1  2  3  4  5  6  7  8  9 10 11 |
---------------+----------------------------------+-----
Fighting       | 3 4 5 6 |  6.0
Axes           | 3 4 5 8 12 14 | 14.1
Armour         | 4 5 6 7 |  7.2
Shields        | 4 5 6 7 |  7.2
Spellcasting   | 2 3 |  3.5
Invocations    | 2 3 |  3.3

Action                   |  1- 3 |  4- 6 |  7- 9 | 10-12 || total
-------------------------+-------+-------+-------+-------++-------
Melee: War axe           |    60 |   134 |   114 |   140 ||   448
Invok: Heroism           |       |       |       |     1 ||     1
 Abil: Heal Wounds       |     3 |     7 |    20 |    18 ||    48
Evoke: Wand              |       |       |     2 |     1 ||     3
       Lightning rod     |       |       |       |     4 ||     4
  Use: Scroll            |       |     2 |     4 |     1 ||     7
       Potion            |       |       |     3 |       ||     3
Armor: Scale mail        |    47 |     1 |       |       ||    48
       Chain mail        |       |    87 |    37 |       ||   124
       Plate armour      |       |       |    68 |    74 ||   142
Dodge: Dodged            |    41 |    88 |    57 |    66 ||   252
Block: Buckler           |    13 |    44 |    67 |    37 ||   161
       Rpst.: War axe    |       |       |       |    12 ||    12
